Map: Deathaura LE

Players

A.I. 1 (Very Easy)

  • Race: Protoss Protoss
  • Spawn Location: 11:00

ElemenT - Winner!

  • Race: Zerg Zerg
  • League: Diamond
  • Spawn Location: 5:00

VOD

Have the link to the VOD?

Description

Time

  • Played on: Dec. 4, 2020, 2:50 p.m.
  • Length: 11:42
Show
View Real Time Build Order
Export as new Build Order

A.I. 1 (Very Easy) Protoss 

Build Orders: 1 Gate Expand, Nexus First 

Get SALT Encoding   

  12  0:00  Probe  
  13  0:13  Probe  
  14  0:19  Pylon  
  14  0:43  Gateway  
  14  1:00  Nexus  
  14  1:19  Pylon  
  14  1:21  Zealot  
  14  1:24  Assimilator  
  16  1:37  Probe  
  16  1:38  Cybernetics Core  
  17  1:49  Probe  
  18  2:00  Assimilator, Probe  
  18  2:07  Stalker  
  18  2:08  Probe  
  22  2:16  Probe  
  22  2:21  Probe  
  23  2:28  Warp Gate  
  24  2:30  Probe  
  25  2:38  Probe  
  26  2:46  Probe  
  26  2:48  Assimilator  
  26  2:50  Pylon  
  27  2:53  Probe  
  28  3:00  Probe  
  28  3:05  Probe  
  29  3:12  Probe  
  30  3:18  Probe  
  31  3:21  Robotics Facility  
  32  3:28  Zealot  
  32  3:31  Probe  
  35  3:39  Probe  
  36  3:46  Probe  
  33  3:53  Probe  
  34  4:00  Probe  
  32  4:04  Observer  
  32  4:08  Probe  
  27  4:15  Probe  
  22  4:18  Observer  
  22  4:38  Immortal  
  26  4:57  Probe  
  27  5:07  Nexus  
  27  5:09  Probe  
  27  5:11  Zealot  
  27  5:13  Assimilator  
  30  5:20  Pylon  
  30  5:39  Zealot  
  32  5:49  Probe  
  33  5:58  Pylon  
  33  6:01  Probe  
  30  6:08  Stalker  
  32  6:13  Probe  
  32  6:15  Probe  
  34  6:26  Probe  
  34  6:31  Probe  
  35  6:37  Immortal  
  40  6:41  Probe  
  41  6:48  Probe  
  42  6:55  Probe  
  43  7:02  Probe  
  43  7:05  Zealot  
  46  7:09  Probe  
  47  7:16  Probe  
  47  7:21  Probe  
  49  7:31  Probe  
  49  7:34  Stalker, Probe  
  53  7:45  Probe  
  54  7:52  Probe  
  55  7:59  Probe  
  56  8:17  Assimilator  
  56  8:47  Zealot  
  42  9:59  Zealot  
  44  10:07  Probe  
  41  10:20  Probe  
  29  10:28  Immortal, Probe  
  30  10:37  Probe  
  30  10:43  Robotics Bay  
  30  10:45  Probe  
  30  10:49  Pylon  
  31  10:52  Zealot  
  32  10:58  Gateway, Probe  
  32  11:01  Stargate  
  30  11:10  Probe  
  30  11:15  Sentry  
  22  11:21  Gateway  
Show
View Real Time Build Order
Export as new Build Order

ElemenT Zerg - Winner!

Build Orders: Hatch First, Brood Lord Corruptor 

Get SALT Encoding   

  12  0:00  Drone  
  13  0:12  Overlord  
  13  0:18  Drone  
  14  0:30  Drone  
  14  0:31  Drone  
  16  0:51  Hatchery  
  16  0:54  Drone  
  16  1:07  Spawning Pool  
  16  1:10  Drone  
  16  1:14  Drone  
  16  1:17  Drone  
  18  1:23  Extractor  
  17  1:38  Drone  
  17  1:39  Drone  
  19  1:43  Overlord  
  19  1:53  Queen  
  21  1:55  Zergling x2  
  22  2:04  Drone x2, Roach Warren  
  23  2:13  Drone  
  23  2:15  Overlord  
  24  2:24  Overlord  
  24  2:44  Roach x3  
  30  2:47  Roach  
  30  2:48  Roach  
  34  2:57  Roach  
  36  2:59  Roach  
  36  3:04  Zergling x6  
  41  3:06  Queen  
  41  3:10  Drone  
  44  3:13  Drone  
  45  3:34  Drone  
  45  3:42  Hatchery  
  45  3:43  Drone  
  45  3:45  Lair  
  43  3:49  Drone  
  43  3:51  Extractor  
  43  3:52  Overlord  
  43  3:58  Drone x2  
  43  4:01  Drone  
  46  4:04  Drone  
  47  4:17  Drone  
  47  4:18  Drone x4  
  47  4:21  Drone  
  47  4:22  Drone  
  54  4:25  Drone  
  54  4:26  Drone  
  54  4:28  Drone  
  57  4:35  Drone  
  57  4:38  Extractor  
  57  4:39  Extractor  
  57  4:40  Evolution Chamber  
  57  4:42  Queen  
  57  4:55  Infestation Pit  
  57  4:56  Drone  
  57  4:57  Drone x5  
  62  5:10  Drone  
  62  5:11  Spire  
  62  5:23  Queen  
  62  5:24  Drone  
  62  5:25  Drone  
  66  5:31  Zerg Melee Weapons Level 1  
  66  5:33  Hive  
  66  5:36  Overlord  
  66  5:45  Overseer  
  66  5:52  Extractor  
  66  5:53  Overlord, Drone  
  66  5:54  Overlord, Extractor  
  66  5:55  Drone x3  
  66  5:56  Drone  
  69  5:58  Drone  
  65  6:11  Drone  
  65  6:12  Drone  
  65  6:13  Drone  
  65  6:15  Drone x3  
  68  6:18  Drone  
  68  6:19  Drone x4  
  68  6:22  Overlord  
  68  6:27  Drone  
  67  6:38  Drone x2  
  67  6:39  Overlord  
  69  6:40  Drone x4  
  69  6:41  Drone x4  
  77  6:51  Greater Spire  
  77  6:52  Corruptor  
  79  6:56  Corruptor  
  79  6:58  Hatchery  
  79  6:59  Corruptor  
  82  7:07  Baneling Nest  
  81  7:26  Extractor  
  81  7:29  Extractor  
  79  7:31  Corruptor x2  
  79  7:32  Zergling x2  
  79  7:33  Zergling x24  
  96  7:38  Overlord  
  96  7:40  Overlord, Corruptor  
  96  7:41  Corruptor  
  100  7:52  Drone  
  100  7:53  Drone x2  
  100  7:55  Drone  
  104  8:03  Drone  
  105  8:08  Drone x3  
  105  8:10  Brood Lord  
  105  8:11  Brood Lord x5  
  120  8:13  Corruptor x2  
  120  8:15  Zergling x2  
  120  8:16  Zergling x4  
  127  8:28  Overlord x3  
  127  8:30  Metabolic Boost  
  127  8:33  Zerg Melee Weapons Level 2  
  127  8:43  Overlord  
  127  8:54  Corruptor x2  
  132  8:55  Zergling x2  
  132  8:56  Zergling x22  
  132  9:01  Brood Lord  
  132  9:02  Brood Lord  
  147  9:06  Brood Lord  
  139  9:42  Corruptor x4  
  139  9:43  Zergling x2  
  139  9:44  Zergling x22  
  158  9:49  Adrenal Glands  
  158  9:51  Overlord  
  158  9:52  Corruptor  
  160  9:54  Overlord x3  
  160  10:08  Overlord  
  160  10:09  Overlord x2  
  160  10:12  Zergling x6  
  163  10:17  Corruptor x2  
  163  10:18  Overlord  
  163  10:20  Zergling x2  
  168  10:32  Corruptor x2  
  168  10:33  Corruptor x2  
  176  10:37  Brood Lord x2  
  176  10:38  Brood Lord x2  
  176  10:39  Brood Lord x2  
  188  10:44  Zergling x10  
  188  10:45  Zergling x2  
  194  10:59  Zergling x2  
  194  11:00  Zergling x10  
Tags
 
Add a new tag
Caveats
  • Supply blocks, unpowered buildings, or Contaminate may cause inaccurate times.
  • Supply counts are checked every 10 seconds.